 Dungeon Crawl Stone Soup version 0.19-a0-790-ge39e1af (webtiles) character file.

70 RadicalRoach the Insei (level 4, 31/35 HPs)
             Began as a Demonspawn Monk on June 26, 2016.
             Quit the game on level 1 of the Dungeon.
             The game lasted 00:02:05 (1434 turns).

RadicalRoach the Insei (Demonspawn Monk)            Turns: 1434, Time: 00:02:05

Health: 31/35      AC:  2    Str: 11    XL:     4   Next: 4%
Magic:  4/4        EV: 13    Int: 12    God:
Gold:   43         SH:  0    Dex: 16    Spells: 0 memorised, 3 levels left

rFire  . . .     SeeInvis .       - Unarmed
rCold  . . .     Gourm    .     a - +0 robe
rNeg   . . .     Faith    .     (no shield)
rPois  .         Spirit   .     (no helmet)
rElec  .         Dismiss  .     (no cloak)
rCorr  .         Reflect  .     (no gloves)
SustAt .         Harm     .     (no boots)
MR     .....                    (no amulet)
Stlth  ++........               (no ring)
                                (no ring)

@: not resistant to hostile enchantments, unstealthy
A: rot immunity, sanguine armour 2
a: no special abilities


You were on level 1 of the Dungeon.
You were hungry.

You visited 1 branch of the dungeon, and saw 1 of its levels.

You collected 43 gold pieces.

Inventory:

Armour
 a - a +0 robe (worn)
 g - a +0 leather armour
Jewellery
 h - an uncursed ring of see invisible {unknown}
Scrolls
 c - a scroll of identify {unknown}
 d - a scroll of amnesia {unknown}
 l - a scroll of teleportation {unknown}
Potions
 e - a potion of agility {unknown}
 i - 2 potions of mutation {unknown}
 j - a potion of berserk rage {unknown}
 k - 2 potions of curing {unknown}
Comestibles
 b - 3 bread rations
 f - a slice of pizza


   Skills:
 - Level 3.0 Fighting
 - Level 2.6 Dodging
 - Level 1.7 Stealth
 + Level 4.4 Unarmed Combat


You had 3 spell levels left.
You didn't know any spells.

Dungeon Overview and Level Annotations

Branches:
Dungeon (1/15)

Altars:


Innate Abilities, Weirdness & Mutations

You are immune to rotting.
When seriously injured, your bleeding wounds create thick armour. (AC +0)


Message History

The dart slug closely misses you.
You hit the dart slug.
You kill the dart slug!
No target in view!
No target in view!
No target in view!
No target in view!
No target in view!
No target in view!
No target in view!
No target in view!
No target in view!
No target in view!
No target in view!
No target in view!
No target in view!
No target in view!
Quiver which item? (- for none, * to show all) (? for menu, Esc to quit)
Okay, then.
Are you sure you want to abandon this character and quit the game? (Confirm with "yes".)

###########
#.......@.#
#.#######.?..... #.#
..####. #.# .... #.#
##### #.####.### ##
#........#
.#........#†##########
.#...................#


There were no monsters in sight!

Vanquished Creatures
  6 oozes (D:1)
  2 dart slugs (D:1)
  2 giant geckos (D:1)
  2 giant cockroaches (D:1)
  4 goblins (D:1)
  5 hobgoblins (D:1)
  3 jackals (D:1)
  A ball python (D:1)
  2 bats (D:1)
  A giant newt (D:1)
  3 kobolds (D:1)
  8 rats (D:1)
39 creatures vanquished.

Notes
Turn   | Place    | Note
--------------------------------------------------------------
     0 | D:1      | RadicalRoach the Demonspawn Monk began the quest for the Orb.
     0 | D:1      | Reached XP level 1. HP: 18/18 MP: 1/1
     1 | D:1      | Found a runed door.
   337 | D:1      | Reached skill level 3 in Unarmed Combat
   432 | D:1      | Gained mutation: When seriously injured, your bleeding wounds create armour. (AC +0) [demonic ancestry]
   432 | D:1      | Reached XP level 2. HP: 23/24 MP: 2/2
   932 | D:1      | Gained mutation: When seriously injured, your bleeding wounds create thick armour. (AC +0) [demonic ancestry]
   932 | D:1      | Reached XP level 3. HP: 18/29 MP: 3/3
  1174 | D:1      | Reached skill level 4 in Unarmed Combat
  1348 | D:1      | Gained mutation: You are immune to rotting. [demonic ancestry]
  1348 | D:1      | Reached XP level 4. HP: 27/35 MP: 4/4
  1434 | D:1      | Quit the game

Vault maps used:
D:1:      dpeg_arrival_caged_fury, supply_closet_lemuel

Skill      XL: |  1  2  3 |
---------------+----------+-----
Unarmed Combat | 3 4 |  4.4
Fighting       | |  3.0
Dodging        | |  2.6
Stealth        | |  1.7

Action                   |  1- 3 |  4- 6 || total
-------------------------+-------+-------++-------
Melee: Unarmed           |   134 |     3 ||   137
       Punch             |     4 |       ||     4
 Stab: Sleeping          |     5 |       ||     5
  Eat: Chunk             |     1 |       ||     1
Armor: Robe              |    18 |       ||    18
Dodge: Dodged            |    78 |     2 ||    80
